 Dungeon Sprint DCSS version 0.26-a0-651-gb41185065b (webtiles) character file.

Game seed: 2112130666019480741

28 HoaS the Shield-Bearer (level 3, -1/29 HPs)
             Began as a Formicid Fighter on Oct 11, 2020.
             Slain by a phantom (5 damage)
             ... in the Dungeon (Sprint IX: "|||||||||||||||||||||||||||||").
             The game lasted 00:00:39 (50 turns).

HoaS the Shield-Bearer (Formicid Fighter)             Turns: 50, Time: 00:00:40

Health: -1/29      AC:  6    Str: 21    XL:     3   Next: 27%
Magic:  3/3        EV:  8    Int:  7    God:
Gold:   0          SH: 10    Dex: 10    Spells: 2/2 levels left

rFire    . . .     SeeInvis +   a - +0 trident
rCold    . . .     Faith    .   c - +0 kite shield
rNeg     . . .     Spirit   .   b - +0 scale mail
rPois    .         Reflect  .   (helmet unavailable)
rElec    .         Harm     .   (no cloak)
rCorr    .         Rampage  .   (no gloves)
MR       .....                  (no boots)
Stlth    ..........             (no amulet)
HPRegen  0.09/turn              (no ring)
MPRegen  0.08/turn              (no ring)

@: mighty, lethally poisoned (-1 -> -13)
A: permanent stasis, dig shafts and tunnels, four strong arms, antennae 3
a: Dig


You were in the Dungeon.
You visited 1 branch

Inventory:

Hand Weapons
 a - a +0 trident (weapon)
Armour
 b - a +0 scale mail (worn)
 c - a +0 kite shield (worn)
Potions
 e - a potion of curing
 g - 2 potions of magic


   Skills:
 - Level 3.2 Fighting
 * Level 5.2 Polearms
 - Level 3.2 Armour
 + Level 5.4 Shields


You had 2 spell levels left.
You didn't know any spells.
Your spell library was empty.

Dungeon Overview and Level Annotations

Branches:
Dungeon (1/1)

Altars:


Innate Abilities, Weirdness & Mutations

You cannot be hasted, slowed, berserked, paralysed or teleported.
You can dig through walls and to a lower floor.
Your four strong arms can wield two-handed weapons with a shield.
You have a pair of large antennae on your head. (SInv)


Message History

The ufetubus hits you but does no damage.
You block the ufetubus's attack.
You closely miss the phantom.
You feel sick. You block the phantom's attack.
The ufetubus hits you but does no damage.
The ufetubus hits you.
You barely miss the phantom.
You feel sick. The ufetubus hits you. You block the ufetubus's attack.
The phantom hits you.
The ufetubus hits you but does no damage.
You block the ufetubus's attack. The phantom hits you!
* * * LOW HITPOINT WARNING * * *
The phantom blinks!
* * * LOW HITPOINT WARNING * * *
You feel sick. You block the ufetubus's attack.
The ufetubus hits you but does no damage.
You feel very mighty all of a sudden.
* * * LOW HITPOINT WARNING * * *
You feel sick. You block the ufetubus's attack.
The ufetubus hits you but does no damage.
The phantom hits you.
You die...

▓<▓
▓.▓
▓.▓
▓.▓
▓)▓
▓.▓
▓.▓
▓W▓
▓@▓
▓5▓
▓5▓
▓Z▓
▓.▓
▓.▓
{
▓.▓
▓.▓
{
▓+▓


You could see a phantom, 2 ufetubi and a ball python zombie.

Vanquished Creatures
  A worker ant (D)
  2 kobolds (D)
  3 rats (D)
6 creatures vanquished.

Notes
Turn   | Place    | Note
-------+----------+-------------------------------------------
     0 | D        | HoaS the Formicid Fighter began the quest for the Orb.
     0 | D        | Reached XP level 1. HP: 18/18 MP: 1/1
    34 | D        | Noticed a worker ant
    34 | D        | Noticed a phantom
    45 | D        | Killed a worker ant
    45 | D        | Reached skill level 5 in Polearms
    45 | D        | Reached skill level 5 in Shields
    45 | D        | Reached XP level 2. HP: 21/24 MP: 2/2
    45 | D        | Reached XP level 3. HP: 25/29 MP: 3/3
    50 | D        | Slain by a phantom

Illustrated notes

Levels and vault maps discovered:
D:        linesprint [early_d, line_temple, items_1, d_10, items_2, lair_1,
          lair_end, items_3, orc_1, orc_end, items_4, d_15, swamp_1, shoals_1,
          snake_1, spider_1, d_20, vaults_1, items_5, swamp_end, shoals_end,
          snake_end, spider_end, vaults_end, d_27, items_6, zot_1, zot_end,
          crypt_end, forest_end, elf_end, slime_end, tomb_end, abyss_end,
          pan_hell_end]

Skill      XL: |  1 |
---------------+----+-----
Shields        | 5 |  5.4
Polearms       | 5 |  5.2
Fighting       | |  3.2
Armour         | |  3.2

Action                   || total
-------------------------++-------
Melee: Trident           ||    24
  Use: Potion            ||     2
Armor: Scale mail        ||    12
Dodge: Dodged            ||     5
Block: Kite shield       ||    12

Table legend: (Time is in decaauts)
 A = Elapsed time spent in this place.
 B = Non-inter-level travel time spent in this place.
 C = Inter-level travel time spent in this place.
 D = Time resting spent in this place.
 E = Time spent auto-exploring this place.
 F = Levels seen in this place.
 G = Mean time per level.
                   A        B        C        D        E       F      G
               +--------+--------+--------+--------+--------+-----+--------+
         Total |     55 |     55 |      0 |     13 |      0 |   1 |   55.0 |
       Dungeon |     55 |     55 |      0 |     13 |      0 |   1 |   55.0 |
               +--------+--------+--------+--------+--------+-----+--------+

Top non-repeatable levels by time:
       D: 55 daAuts
